 Dungeon Crawl Stone Soup version 0.27-a0-334-g52645efa06 (webtiles) character file.

Game seed: 9526544640775982091

7 inc the Caller (level 1, 0/7 HPs)
             Began as a Felid Summoner on Feb 13, 2021.
             Slain by a kobold
             ... wielding a +0 whip
              (5 damage)
             ... on level 1 of the Dungeon.
             The game lasted 00:00:17 (542 turns).

inc the Caller (Felid Summoner)                      Turns: 542, Time: 00:00:17

Health: 0/7        AC:  1    Str:  4    XL:     1   Next: 83%
Magic:  4/4        EV: 18    Int: 16    God:
Gold:   13         SH:  0    Dex: 16    Spells: 3/4 levels left
                                        Lives:  0   Deaths: 0

rFire    . . .     SeeInvis +   (weapon unavailable)
rCold    . . .     Faith    .   (shield unavailable)
rNeg     . . .     Spirit   .   (armour unavailable)
rPois    .         Reflect  .   (helmet unavailable)
rElec    .         Harm     .   (cloak unavailable)
rCorr    .         Rampage  .   (gloves unavailable)
Will     .....                  (boots unavailable)
Stlth    +++.......             (no amulet)
HPRegen  0.02/turn              (no ring)
MPRegen  0.09/turn              (no ring)

@: quick
A: very small, no armour, no weapons or thrown items, stealth, claws 1, fangs 3,
see invisible, speed 1, shaggy fur 1, sharp paws
a: no special abilities


You were on level 1 of the Dungeon.
You visited 1 branch of the dungeon, and saw 1 of its levels.

You collected 13 gold pieces.

Inventory:

Scrolls
 a - a scroll of random uselessness {unknown}


   Skills:
 - Level 2.6 Dodging
 - Level 2.6 Stealth
 - Level 2.0 Spellcasting
 + Level 4.4 Summonings


You had 3 spell levels left.
You knew the following spells:

 Your Spells              Type           Power        Failure   Level
a - Summon Small Mammal   Summ           60%          3%          1

Your spell library contained the following spells:

 Spells                   Type           Power        Failure   Level
 Call Imp                 Summ           15%          5%          2
 Call Canine Familiar     Summ           15%          11%         3
 Summon Guardian Golem    Hex/Summ       8%           26%         3
 Summon Ice Beast         Ice/Summ       8%           63%         4
 Summon Lightning Spire   Summ/Air       8%           63%         4


Dungeon Overview and Level Annotations

Branches:
Dungeon (1/15)

Altars:


Innate Abilities, Weirdness & Mutations

You cannot wear armour.
You are incapable of wielding weapons or throwing items.
Your paws allow you to move quietly. (Stealth)
You have sharp claws.
You have razor-sharp teeth.
You have supernaturally acute eyesight. (SInv)
You cover ground quickly.
You are covered in fur. (AC +1)
Your sharp claws are effective at attacking unaware monsters.


Message History

The giant cockroach misses you.
You scratch the giant cockroach.
The giant cockroach is severely wounded.
The giant cockroach misses you. x2
You scratch the giant cockroach but do no damage.
The giant cockroach is severely wounded.
The giant cockroach completely misses you.
The kobold throws a stone.
The stone misses you.
You scratch the giant cockroach but do no damage.
The giant cockroach is severely wounded.
The giant cockroach misses you.
The kobold throws a stone.
The stone hits you but does no damage.
You scratch the giant cockroach.
You kill the giant cockroach!
You barely miss the kobold. The kobold misses you.
You closely miss the kobold. You bite the kobold, but do no damage.
The kobold completely misses you.
You scratch the kobold but do no damage.
Your bite misses the kobold. The kobold misses you.
You scratch the kobold but do no damage.
The kobold hits you.
You scratch the kobold.
The kobold is heavily wounded.
The kobold misses you.
You scratch the kobold.
You kill the kobold!
You see here 5 stones.
A goblin comes into view. It is wielding a +0 club.
A goblin is nearby!
A goblin is nearby!
You see here a scroll labelled TOBIANA ILOHUR.
A kobold comes into view. It is wielding a +0 whip.
The kobold shouts!
You closely miss the goblin. The goblin completely misses you.
You barely miss the goblin. The goblin hits you with a +0 club.
You barely miss the goblin. The goblin barely misses you.
You closely miss the goblin. The goblin hits you with a +0 club.
You miss the goblin. The kobold hits you with a +0 whip.
Ouch! That really hurt!
You die...

#######
###########.......
........?.@g.##
####......K....#
####..###....#...
#..............##
#.##..###.......#
.##.##...........##
...................
##
.##.###.#######.###
.# # #.# #.#


You could see a goblin and a kobold.

Vanquished Creatures
  A giant cockroach (D:1)
  2 hobgoblins (D:1)
  A ball python (D:1)
  2 kobolds (D:1)
6 creatures vanquished.

Notes
Turn   | Place    | Note
-------+----------+-------------------------------------------
     0 | D:1      | inc the Felid Summoner began the quest for the Orb.
     0 | D:1      | Reached XP level 1. HP: 7/7 MP: 4/4
   542 | D:1      | Slain by a kobold

Illustrated notes

Levels and vault maps discovered:
D:1:      dpeg_arrival_rhombi, layout_loops_corners

Action                   || total
-------------------------++-------
Melee: Unarmed           ||    37
       Bite              ||     3
 Stab: Sleeping          ||     3
Dodge: Dodged            ||    26

Table legend: (Time is in decaauts)
 A = Elapsed time spent in this place.
 B = Non-inter-level travel time spent in this place.
 C = Inter-level travel time spent in this place.
 D = Time resting spent in this place.
 E = Time spent auto-exploring this place.
 F = Levels seen in this place.
 G = Mean time per level.
                   A        B        C        D        E       F      G
               +--------+--------+--------+--------+--------+-----+--------+
         Total |    515 |    515 |      0 |    133 |    316 |   1 |  515.0 |
       Dungeon |    515 |    515 |      0 |    133 |    316 |   1 |  515.0 |
               +--------+--------+--------+--------+--------+-----+--------+

Top non-repeatable levels by time:
     D:1: 515 daAuts
